 Dungeon Crawl Stone Soup version 0.30-a0-919-g9323dee000 (webtiles) character file.

Game seed: 11941116201241086145

23 Aequonox the Digger (level 2, -1/24 HPs)
             Began as a Troll Earth Elementalist on Mar 21, 2023.
             Slain by a gnoll
             ... wielding a +0 club
              (4 damage)
             ... on level 1 of the Dungeon.
             The game lasted 00:02:22 (284 turns).

Aequonox the Digger (Troll Earth Elementalist)       Turns: 284, Time: 00:02:23

Health: -1/24      AC:  4    Str: 15    XL:     2   Next: 72%
Magic:  3/3        EV: 10    Int: 11    God:
Gold:   19         SH:  0    Dex: 10    Spells: 2/3 levels left

rFire   . . .      SeeInvis .    (no weapon)
rCold   . . .      Faith    .    (no shield)
rNeg    . . .      Spirit   .    a - +0 robe
rPois   .          Reflect  .    (helmet restricted)
rElec   .          Rampage  .    (no cloak)
rCorr   .                        (gloves unavailable)
Will    .....                    (boots unavailable)
Stlth   +                        (no amulet)
HPRegen 1.04/turn                (no ring)
MPRegen 0.08/turn                (no ring)

@: no status effects
A: large, unfitting armour, claws 3, regeneration 1, shaggy fur 1, tough skin 1
a: no special abilities


You were on level 1 of the Dungeon.
You visited 1 branch of the dungeon, and saw 1 of its levels.

You collected 19 gold pieces.

Inventory:

Armour
 a - a +0 robe (worn)
Potions
 b - a potion of magic
 c - a potion of degeneration {unknown}
 d - a potion of ambrosia {unknown}
 e - 2 potions of heal wounds {unknown}


   Skills:
 + Level 1.8 Dodging
 - Level 1.1 Stealth
 + Level 0.3 Unarmed Combat
 + Level 1.4 Spellcasting
 + Level 1.0 Transmutations
 + Level 2.9 Earth Magic


You had 2 spell levels left.
You knew the following spells:

 Your Spells              Type           Power      Damage    Failure   Level
a - Sandblast             Erth           14%        2d6       10%         1

Your spell library contained the following spells:

 Spells                   Type           Power      Damage    Failure   Level
 Passwall                 Tmut/Erth      4%         N/A       21%         2
 Stone Arrow              Conj/Erth      8%         3d7       45%         3
 Petrify                  Tmut/Erth      5%         N/A       80%         4


Dungeon Overview and Level Annotations

Branches:
Dungeon (1/15)

Altars:

Shops:
D:1 *


Innate Abilities, Weirdness & Mutations

You are too large for most types of armour.
You have claws for hands.
Your natural rate of healing is unusually fast.
You are covered in fur. (AC +1)
You have tough skin. (AC +1)


Message History

You are too injured to fight recklessly!
You are too injured to fight recklessly!
You are too injured to fight recklessly!
You are too injured to fight recklessly!
There are monsters nearby!
You are too injured to fight recklessly!
You are too injured to fight recklessly!
The rat bites you but does no damage. The gnoll hits you with a +0 club.
The rat bites you but does no damage. The gnoll hits you but does no damage.
The rat completely misses you. The gnoll hits you with a +0 club.
The rat closely misses you. The gnoll barely misses you.
The rat barely misses you. The gnoll closely misses you.
The rat bites you but does no damage. The gnoll closely misses you.
The rat bites you but does no damage. The gnoll closely misses you.
The rat closely misses you. The gnoll hits you with a +0 club.
The rat barely misses you. The gnoll hits you with a +0 club.
The rat barely misses you. The gnoll barely misses you.
The rat barely misses you. The gnoll hits you with a +0 club.
The rat closely misses you. The gnoll barely misses you. The rat misses you.
The gnoll misses you. The rat bites you. The gnoll hits you with a +0 club.
The rat completely misses you. The gnoll hits you with a +0 club.
The rat misses you. The gnoll hits you with a +0 club.
The rat barely misses you. The gnoll hits you but does no damage.
The rat bites you but does no damage. The gnoll hits you with a +0 club.
* * * LOW HITPOINT WARNING * * *
The rat bites you.
* * * LOW HITPOINT WARNING * * *
The gnoll hits you but does no damage. The rat bites you but does no damage.
The gnoll hits you with a +0 club.
* * * LOW HITPOINT WARNING * * *
The rat bites you.
* * * LOW HITPOINT WARNING * * *
The gnoll hits you but does no damage. The rat bites you.
* * * LOW HITPOINT WARNING * * *
The gnoll hits you with a +0 club.
* * * LOW HITPOINT WARNING * * *
The rat bites you but does no damage. The gnoll hits you with a +0 club.
You die...

♣♣P<.P.P....
P♣P..♣.P....#. ..##
PP.^.PP..####. ...#
........### #. #..#
......^....##.##..#
..P....P.#.....#..#
.P..PPPPP#.#...#..#
# #8..♣♣♣P...
#.....#..###
##⌠.P♣♣.^#
#.#.@r......
#..P...#
#..##g......
##......######)#
.......
#....[.###.....#
.......
....###....#####
.......
........####
....... #†..#####
####### #...# #...#


You could see a gnoll and a rat.

Vanquished Creatures
  A dart slug (D:1)
  2 bats (D:1)
  6 endoplasms (D:1)
  A giant cockroach (D:1)
  2 hobgoblins (D:1)
  2 kobolds (D:1)
  A quokka (D:1)
  3 rats (D:1)
18 creatures vanquished.

Notes
Turn   | Place    | Note
-------+----------+-------------------------------------------
     0 | D:1      | Aequonox the Troll Earth Elementalist began the quest for
                  | the Orb.
     0 | D:1      | Reached XP level 1. HP: 16/16 MP: 1/1
    97 | D:1      | Reached XP level 2. HP: 24/24 MP: 3/3
   113 | D:1      | Found Vaohucs's Assorted Antiques.
   138 | D:1      | Reached skill level 1 in Transmutations
   284 | D:1      | Slain by a gnoll

Illustrated notes

Levels and vault maps discovered:
D:1:      spicycebolla_arrival_clurvy, layout_rooms, serial_shops,
          nicolae_shop_trees

Skill      XL: |  1  2 |
---------------+-------+-----
Transmutations | 1 |  1.0
Dodging        | |  1.8
Stealth        | |  1.1
Unarmed Combat | |  0.3
Spellcasting   | |  1.4
Earth Magic    | |  2.9

Action                     || total
---------------------------++-------
  Melee: Unarmed           ||    43
   Cast: Sandblast         ||     4
 Armour: Robe              ||    21
  Dodge: Dodged            ||    39

Table legend: (Time is in decaauts)
 A = Elapsed time spent in this place.
 B = Non-inter-level travel time spent in this place.
 C = Inter-level travel time spent in this place.
 D = Time resting spent in this place.
 E = Time spent auto-exploring this place.
 F = Levels seen in this place.
 G = Mean time per level.
                   A        B        C        D        E       F      G
               +--------+--------+--------+--------+--------+-----+--------+
         Total |    286 |    286 |      0 |      0 |    157 |   1 |  286.0 |
       Dungeon |    286 |    286 |      0 |      0 |    157 |   1 |  286.0 |
               +--------+--------+--------+--------+--------+-----+--------+

Top non-repeatable levels by time:
     D:1: 286 daAuts
